Map: Para Site LE

Players

HIGUMA - Winner!

  • Race: Terran Terran
  • League: Platinum
  • Spawn Location: 11:00

A.I. 1 (Very Easy)

  • Race: Zerg Zerg
  • Spawn Location: 5:00

VOD

Have the link to the VOD?

Description

defensive siege tank

Time

  • Played on: Sept. 5, 2018, 6:34 p.m.
  • Length: 14:44
Show
View Real Time Build Order
Export as new Build Order

HIGUMA Terran - Winner!

Build Orders: Liberator Opening, Reaper Expand, Mech 

Get SALT Encoding   

  12  0:01  SCV  
  13  0:14  SCV  
  14  0:19  Supply Depot  
  14  0:26  Refinery  
  14  0:29  SCV  
  15  0:43  SCV  
  16  0:54  Barracks  
  16  0:55  SCV  
  17  1:07  SCV  
  18  1:25  SCV  
  19  1:40  Orbital Command  
  19  1:41  Reaper  
  20  1:52  Command Center  
  20  2:07  Factory  
  20  2:08  SCV  
  21  2:18  Marine  
  21  2:21  SCV  
  23  2:26  Supply Depot  
  23  2:30  Refinery  
  23  2:39  Barracks Reactor  
  23  2:47  SCV  
  24  2:58  Starport  
  24  2:59  SCV, Factory Tech Lab  
  24  3:05  Orbital Command  
  25  3:11  SCV  
  26  3:13  Refinery  
  26  3:21  Supply Depot  
  26  3:23  SCV  
  26  3:25  Siege Tank  
  30  3:33  SCV  
  31  3:36  SCV  
  32  3:45  Liberator  
  32  3:52  Liberator  
  32  3:53  SCV x2  
  37  4:08  SCV  
  41  4:13  Supply Depot  
  41  4:25  SCV  
  41  4:27  Refinery, SCV  
  46  4:31  Siege Tank  
  46  4:36  Barracks Reactor  
  46  4:37  SCV  
  47  4:39  SCV, Liberator  
  48  4:50  Liberator, Command Center  
  48  4:59  SCV x2  
  53  5:05  Supply Depot  
  56  5:22  SCV  
  56  5:26  SCV  
  58  5:28  Siege Tank  
  58  5:34  Liberator  
  61  5:37  Factory  
  61  5:39  Engineering Bay  
  61  5:51  Liberator  
  63  6:10  SCV x2  
  68  6:15  Missile Turret  
  68  6:18  Orbital Command  
  68  6:25  Armory  
  68  6:29  Armory  
  68  6:35  Hellion x2  
  68  6:36  Infernal Pre-Igniter  
  72  6:45  Barracks Tech Lab  
  72  6:46  SCV  
  73  6:49  Factory  
  73  6:50  SCV  
  74  7:01  SCV x2  
  74  7:02  SCV  
  74  7:03  Hellion  
  79  7:13  Factory  
  79  7:15  Orbital Command  
  79  7:16  SCV  
  79  7:17  SCV  
  79  7:20  Terran Vehicle Weapons Level 1  
  82  7:27  Barracks Tech Lab  
  81  7:31  Terran Vehicle And Ship Armor Level 1  
  81  7:32  Missile Turret  
  81  7:39  Viking  
  81  7:40  Viking  
  85  7:57  Supply Depot  
  85  8:18  Thor, Supply Depot  
  85  8:19  SCV  
  93  8:27  SCV  
  93  8:33  Refinery x2  
  93  8:39  Thor, SCV x2  
  101  8:43  Missile Turret x2  
  101  8:47  Missile Turret  
  101  8:48  Missile Turret  
  101  9:28  Thor  
  101  9:29  Hellion  
  109  9:38  Supply Depot  
  109  9:41  Command Center  
  109  9:42  Supply Depot  
  109  9:47  Supply Depot  
  109  9:53  Thor, SCV x2  
  109  9:56  Terran Vehicle Weapons Level 2  
  109  9:57  Terran Vehicle And Ship Armor Level 2  
  109  9:59  SCV, Hellion x3  
  124  10:05  SCV x2  
  126  10:11  SCV  
  126  10:12  Hellion  
  129  10:19  Supply Depot  
  129  10:21  Hellbat, Hellion x2  
  135  10:25  Structure Armor  
  135  10:27  Viking x2  
  139  10:40  Thor  
  139  10:41  Factory  
  139  10:42  Hellion x2  
  149  10:51  Supply Depot  
  149  10:52  Thor, SCV x2  
  157  10:59  SCV  
  157  11:03  Thor, Barracks Reactor  
  164  11:10  Command Center  
  164  11:11  Orbital Command  
  164  11:12  SCV x2  
  166  11:33  Thor  
  172  11:42  Supply Depot  
  172  11:46  Missile Turret  
  172  11:48  Missile Turret x2  
  172  11:53  Missile Turret  
  172  12:00  Missile Turret  
  172  12:01  Missile Turret  
  172  12:04  Hellion x2  
  172  12:05  Missile Turret  
  176  12:21  Thor  
  182  12:26  Hellion  
  182  12:27  Hellion  
  192  12:31  Supply Depot  
  192  12:33  Viking  
  192  12:34  Supply Depot  
  194  12:48  Smart Servos  
  194  12:53  Viking  
  196  13:07  Siege Tank x2  
  196  13:30  Planetary Fortress  
  196  13:36  Hi-Sec Auto Tracking  
  196  13:39  SCV  
  197  13:46  SCV  
  197  13:47  SCV  
  199  13:49  Refinery  
  199  13:50  Refinery  
  198  14:11  SCV  
  199  14:21  Missile Turret, Command Center  
  199  14:23  Missile Turret  
  199  14:24  Missile Turret x2  
  199  14:29  Missile Turret  
Show
View Real Time Build Order
Export as new Build Order

A.I. 1 (Very Easy) Zerg 

Build Orders: Pool Only 

Get SALT Encoding   

  12  0:01  Drone  
  13  0:12  Overlord  
  13  0:16  Drone  
  14  0:36  Spawning Pool  
  14  0:37  Extractor  
  14  0:39  Drone  
  13  0:46  Drone  
  14  0:53  Overlord  
  14  1:22  Queen  
  14  1:23  Zergling x2  
  17  1:32  Roach Warren  
  16  1:34  Extractor  
  16  1:38  Drone  
  16  1:42  Zergling x2  
  16  1:45  Drone  
  18  1:59  Drone  
  19  2:02  Zergling x2  
  20  2:10  Drone  
  21  2:21  Drone  
  22  2:29  Drone  
  23  2:30  Overlord  
  23  2:36  Drone  
  24  2:43  Drone  
  25  5:53  Lair, Drone  
  26  6:00  Drone  
  26  6:02  Overlord, Zergling x2  
  28  6:07  Drone  
  27  6:14  Drone  
  23  6:22  Drone  
  22  6:29  Drone  
  22  6:31  Roach  
  22  6:36  Drone  
  22  6:43  Drone  
  22  6:50  Drone, Queen  
  22  6:54  Overseer x2  
  24  6:56  Spire  
  24  6:57  Drone  
  24  6:59  Zergling x2  
  24  7:04  Drone  
  24  7:12  Drone  
  17  7:19  Drone  
  9  7:28  Queen  
  4  8:05  Queen  
  6  8:43  Queen  
  2  9:21  Queen  
  4  9:59  Queen  
  2  10:36  Queen  
  2  10:55  Overseer  
  2  11:12  Pneumatized Carapace  
    11:55  Queen  
Tags
 
Add a new tag
Caveats
  • Supply blocks, unpowered buildings, or Contaminate may cause inaccurate times.
  • Supply counts are checked every 10 seconds.